 Dungeon Crawl Stone Soup version 0.30.1-4-g462c640d31 (webtiles) character file.

Game seed: 14999722050589616749

155 booth the Shield-Bearer (level 5, -5/33 HPs)
             Began as a Gargoyle Fighter on Sept 11, 2023.
             Slain by Crazy Yiuf
             ... wielding a +3 quarterstaff of chaos
              (13 damage)
             ... on level 2 of the Dungeon.
             The game lasted 00:15:08 (2123 turns).

booth the Shield-Bearer (Gargoyle Fighter)          Turns: 2123, Time: 00:15:08

Health: -5/33      AC: 13    Str: 21    XL:     5   Next: 37%
Magic:  4/5        EV:  9    Int:  9    God:
Gold:   70         SH:  9    Dex:  9    Spells: 4/4 levels left

rFire   . . .        a - +0 flail
rCold   . . .        c - +0 buckler
rNeg    + . .        b - +0 scale mail
rPois   ∞            l - +0 helmet
rElec   +            g - +0 cloak
rCorr   .            (no gloves)
SInv    .            (no boots)
Will    .....        n - amulet of reflection Stlth
                     (no ring)
HPRegen 0.25/turn    (no ring)
MPRegen 0.09/turn

%: reflection
@: no status effects
A: sickness immunity, AC +4, negative energy resistance 1, electricity
resistance, torment resistance 1, petrification resistance
a: no special abilities


You were on level 2 of the Dungeon.
You visited 1 branch of the dungeon, and saw 2 of its levels.

You collected 70 gold pieces.

Inventory:

Hand Weapons
 a - a +0 flail (weapon)
 m - a +1 vampiric hand axe
Missiles
 e - 5 poisoned darts (quivered)
Armour
 b - a +0 scale mail (worn)
 c - a +0 buckler (worn)
 g - a +0 cloak (worn)
 l - a +0 helmet (worn)
Jewellery
 n - an amulet of reflection (around neck)
 p - a ring of ice
Scrolls
 f - a scroll of amnesia
Potions
 d - 3 potions of might
 h - a potion of resistance {unknown}
 i - a potion of curing
 j - 2 potions of heal wounds {unknown}
 k - a potion of attraction {unknown}
 o - a potion of degeneration {unknown}


   Skills:
 + Level 4.1 Fighting
 * Level 3.6 Maces & Flails
 + Level 4.1 Armour
 + Level 4.1 Shields


You had 4 spell levels left.
You didn't know any spells.
Your spell library was empty.

Dungeon Overview and Level Annotations

Branches:
Dungeon (2/15)

Altars:

Shops:
D:2 :

Annotations:
D:2 Crazy Yiuf


Innate Abilities, Weirdness & Mutations

You are immune to sickness and miasma.
Your stone body is resilient. (AC +4)
You are immune to poison.
You resist negative energy. (rN+)
You are resistant to electric shocks. (rElec)
You are resistant to unholy torment.
You are immune to petrification.


Message History

You see here a worm corpse.
Found a notched diamond ring.
p - a ring of ice
Found a hammer.
Found a runed translucent door.
You open the door.
There is an open door here.
There is an open door here.
There is a stone staircase leading down here.
There is an open door here.
Crazy Yiuf shouts!
Crazy Yiuf grits, "Whiteboard rumpyflump cower!"
You open the door. You hit Crazy Yiuf but do no damage.
Crazy Yiuf hits you with a +3 quarterstaff of chaos!
You sock Crazy Yiuf!
Crazy Yiuf is moderately wounded.
Crazy Yiuf barely misses you.
Crazy Yiuf hits you with a +3 quarterstaff of chaos.
You feel your power leaking away.
You hit Crazy Yiuf.
Crazy Yiuf is moderately wounded.
Crazy Yiuf whimpers, "Seed cloud bush!"
Crazy Yiuf closely misses you.
You hit Crazy Yiuf but do no damage.
Crazy Yiuf is moderately wounded.
You block Crazy Yiuf's attack.
You barely miss Crazy Yiuf.
Crazy Yiuf is moderately wounded.
Crazy Yiuf hits you with a +3 quarterstaff of chaos.
Crazy Yiuf freezes you.
You barely miss Crazy Yiuf.
Crazy Yiuf is moderately wounded.
Crazy Yiuf hits you with a +3 quarterstaff of chaos!
Crazy Yiuf freezes you.
* * * LOW HITPOINT WARNING * * *
You sock Crazy Yiuf!
Crazy Yiuf is almost dead.
Crazy Yiuf grits, "Announcement song turtle!"
Crazy Yiuf hits you with a +3 quarterstaff of chaos!
You die...

#.# #.#
#....####.###..)# #.
#'### #.# #....#
#.......# #. ....# #.#
♣.PP.♣ #.##....# ##
....# #.# ♣.PP♣♣
#..#....# ....# #.#
♣♣.♣♣ ##.#.#### ##
#.### ###†# ♣.♣♣ #...#
#. #.# #...# ♣♣.♣
###.######.
..######.### ♣.♣♣
#......#. .......#.#
♣♣@♣ ##..##.#.
######.#.# #g#
##....#. .........#
... ###..#.
.......##### #...#
##... ###........#
#..)# #>.#
...........# #####
#### ....#......#
#####......###########
.††..................#


You could see Crazy Yiuf.

Vanquished Creatures
  Natasha (thrice) (D:2)
  Robin (D:2)
  An adder (D:2)
  3 worms (D:2)
  A dart slug (D:2)
  2 ball pythons (D:2)
  3 bats
  3 endoplasms (D:1)
  2 giant cockroaches (D:2)
  11 goblins
  6 hobgoblins
  2 jackals (D:2)
  3 kobolds
  A quokka (D:1)
  A frilled lizard (D:1)
  4 rats
47 creatures vanquished.

Notes
Turn   | Place    | Note
-------+----------+-------------------------------------------
     0 | D:1      | booth the Gargoyle Fighter began the quest for the Orb.
     0 | D:1      | Reached XP level 1. HP: 14/14 MP: 1/1
   147 | D:1      | Reached XP level 2. HP: 12/19 MP: 2/2
   875 | D:2      | Noticed Natasha
   887 | D:2      | Killed Natasha
   888 | D:2      | Reached XP level 3. HP: 14/24 MP: 3/3
  1209 | D:2      | Reached XP level 4. HP: 29/29 MP: 4/4
  1211 | D:2      | Noticed Robin
  1222 | D:2      | Killed Robin
  1222 | D:2      | Noticed Natasha
  1236 | D:2      | Killed Natasha
  1451 | D:2      | Reached XP level 5. HP: 33/33 MP: 5/5
  1542 | D:2      | Noticed a walking divine tome
  1544 | D:2      | Found Solio's Book Boutique.
  1545 | D:2      | Noticed a walking frostbound tome
  1545 | D:2      | Noticed Natasha
  1556 | D:2      | Killed Natasha
  1869 | D:2      | Found a runed translucent door.
  1870 | D:2      | Noticed Crazy Yiuf
  2123 | D:2      | Slain by Crazy Yiuf

Illustrated notes

Levels and vault maps discovered:
D:1:      dpeg_arrival_long_road, layout_loops_ring
D:2:      layout_basic, serial_shops, nicolae_shop_mannequins,
          dreamdust_princess_bridge, uniq_robin, uniq_crazy_yiuf_cottage,
          uniq_natasha

Skill      XL: |  1  2  3  4 |
---------------+-------------+-----
Maces & Flails | 3 |  3.6
Shields        | 4 |  4.1
Fighting       | 4 |  4.1
Armour         | 4 |  4.1

Action                     |  1- 3 |  4- 6 || total
---------------------------+-------+-------++-------
  Melee: Flail             |    92 |   122 ||   214
  Throw: Dart              |     1 |       ||     1
    Use: Scroll            |     3 |       ||     3
         Potion            |     1 |       ||     1
 Armour: Scale mail        |    52 |    42 ||    94
         Skin              |       |    34 ||    34
  Dodge: Dodged            |    35 |    58 ||    93
  Block: Buckler           |    16 |    46 ||    62
